 548 Aisha the Slasher (level 7, -3/62 HPs)
             Began as a Naga Fighter on Sept 29, 2019.
             Killed from afar by an orc wizard (6 damage)
             ... with a magic dart
             ... on level 4 of the Dungeon.
             The game lasted 00:07:51 (2838 turns).

Aisha the Slasher (Naga Fighter)                    Turns: 2838, Time: 00:07:51

Health: -3/62      AC:  5    Str: 20    XL:     7   Next: 28%
Magic:  7/7        EV:  7    Int:  8    God:
Gold:   233        SH:  0    Dex: 11    Spells: 6/6 levels left

rFire    . . .     SeeInvis +   a - +0 long sword
rCold    . . .     Gourm    .   (no shield)
rNeg     . . .     Faith    .   b - +0 scale mail
rPois    +         Spirit   .   (no helmet)
rElec    .         Reflect  .   (no cloak)
rCorr    .         Harm     .   (no gloves)
MR       .....                  (no barding)
Stlth    ..........             g - amulet of regeneration
HPRegen  0.60/turn              (no ring)
MPRegen  0.10/turn              (no ring)

@: very slow
A: large, see invisible, deformed body, poison resistance, slowness 2, slow
metabolism 1, spit poison 1, AC +2
a: Spit Poison


Innate Abilities, Weirdness & Mutations

You cannot wear boots.
Your serpentine skin is tough. (AC +2)
You have supernaturally acute eyesight. (SInv)
Armour fits poorly on your strangely shaped body.
Your system is resistant to poisons. (rPois)
You cover ground very slowly.
You have a slow metabolism.
You can spit poison.


   Skills:
 - Level 3.0 Fighting
 * Level 7.8 Long Blades
 - Level 2.4 Armour
 - Level 2.4 Shields


You had 6 spell levels left.
You didn't know any spells.
Your spell library contained the following spells:

 Spells                   Type           Power        Failure   Level  Hunger
 Confusing Touch          Hex            #.....       77%         1    ##.....
 Confuse                  Hex            #.......     98%         3    ####...
 Gell's Gravitas          Tloc           #.........   98%         3    ####...
 Petrify                  Tmut/Erth      #.......     100%        4    #####..
 Metabolic Englaciation   Hex/Ice        #.........   100%        5    ######.
 Yara's Violent Unravell  Hex/Tmut       #.........   100%        5    ######.

Inventory:

Hand Weapons
 a - a +0 long sword (weapon)
Missiles
 x - 4 javelins of penetration (quivered)
Armour
 b - a +0 scale mail (worn)
 c - a +0 shield
 v - a +0 cloak
Jewellery
 g - an amulet of regeneration (around neck)
 T - an uncursed amulet of faith {!P}
Scrolls
 h - 2 scrolls of magic mapping {unknown}
 l - a scroll of enchant armour {unknown}
 m - 2 scrolls of teleportation {unknown}
 p - 2 scrolls of identify {unknown}
 q - 2 scrolls of fear {unknown}
 r - a scroll of random uselessness {unknown}
 s - 2 scrolls of remove curse {@r2}
Potions
 d - a potion of might
 e - 2 potions of degeneration {unknown}
 i - a potion of cancellation {unknown}
 j - a potion of flight
 n - a potion of curing {unknown}
 o - a potion of heal wounds {@q2}
Comestibles
 f - 9 rations {@e1}


Message History

You barely miss the ogre.
The ogre is heavily wounded.
You have got your breath back.
The orc wizard casts a spell.
The orc wizard blinks!
The ogre hits you with a +0 giant club.
* * * LOW HITPOINT WARNING * * *
Unknown command.
Use which ability? (? or * to list)
Press: ? - help, Shift-Dir - straight line, f/p - ogre
Aim: an ogre, wielding a +0 giant club (heavily wounded)
The splash of poison hits the ogre!
The ogre is poisoned.
The ogre is almost dead.
You feel slightly more hungry. The ogre hits you with a +0 giant club!
* * * LOW HITPOINT WARNING * * *
Unknown command.
You hit the ogre.
You kill the ogre!
The ooze jiggles.
Unknown command.
You slash the ooze!
You kill the ooze!
You have got your breath back.
The orc wizard gestures at you while chanting.
The magic dart hits you!
* * * LOW HITPOINT WARNING * * *
You hit the orc wizard but do no damage.
The orc wizard is moderately wounded.
The orc wizard gestures at you while chanting.
The magic dart hits you.
You die...

Skill      XL: |  1  2  3  4  5  6 |
---------------+-------------------+-----
Long Blades    | 3 4 5 6 7 |  7.8
Fighting       | |  3.0
Armour         | |  2.4
Shields        | |  2.4

Action                   |  1- 3 |  4- 6 |  7- 9 || total
-------------------------+-------+-------+-------++-------
Melee: Long sword        |    68 |   165 |    33 ||   266
Throw: Javelin           |       |     2 |       ||     2
 Abil: Spit Poison       |     3 |    16 |     3 ||    22
  Use: Potion            |       |     2 |       ||     2
       Scroll            |       |       |     1 ||     1
  Eat: Chunk             |       |     6 |       ||     6
Armor: Scale mail        |    46 |    95 |    16 ||   157
Dodge: Dodged            |    37 |    81 |    13 ||   131
       Rpst.: Long sword |     6 |    25 |     5 ||    36

Notes
Turn   | Place    | Note
-------+----------+-------------------------------------------
     0 | D:1      | Aisha the Naga Fighter began the quest for the Orb.
     0 | D:1      | Reached XP level 1. HP: 21/21 MP: 1/1
    79 | D:1      | Reached XP level 2. HP: 23/28 MP: 2/2
   181 | D:1      | Reached skill level 3 in Long Blades
   754 | D:2      | Reached XP level 3. HP: 34/34 MP: 3/3
   755 | D:2      | Found a sparkling altar of Nemelex Xobeh.
   829 | D:2      | Reached skill level 4 in Long Blades
   859 | D:2      | Reached XP level 4. HP: 15/42 MP: 4/4
  1359 | D:2      | Noticed a centaur
  1366 | D:2      | Killed a centaur
  1366 | D:2      | Reached skill level 5 in Long Blades
  1366 | D:2      | Reached XP level 5. HP: 30/49 MP: 5/5
  1577 | D:3      | Reached skill level 6 in Long Blades
  1650 | D:3      | Found a stormy altar of Qazlal.
  1700 | D:3      | Reached XP level 6. HP: 22/56 MP: 6/6
  1935 | D:3      | Found a faded altar of an unknown god.
  2382 | D:3      | Noticed Natasha
  2390 | D:3      | Killed Natasha
  2536 | D:3      | Noticed Natasha
  2543 | D:3      | Killed Natasha
  2543 | D:3      | Reached skill level 7 in Long Blades
  2634 | D:4      | Reached XP level 7. HP: 57/62 MP: 7/7
  2687 | D:4      | Found a runed translucent door.
  2688 | D:4      | Noticed Crazy Yiuf
  2837 | D:4      | HP: 2/62 [orc wizard/magic dart (9)]
  2838 | D:4      | Killed from afar by an orc wizard

Vanquished Creatures
  An ogre (D:4)
  A centaur (D:2)
  A howler monkey (D:4)
  2 orc priests (D:3)
  Natasha (twice) (D:3)
  3 worker ants
  A howler monkey zombie (D:2)
  5 adders
  2 oozes
  An adder skeleton (D:3)
  A worm (D:4)
  A dart slug (D:2)
  3 leopard geckos
  10 orcs
  6 giant cockroaches
  11 goblins
  10 hobgoblins
  4 jackals
  4 kobolds
  2 quokkas
  2 ball pythons
  11 bats
  6 frilled lizards
  9 rats
99 creatures vanquished.
